 Dungeon Crawl Stone Soup version 0.19.1-1-g22dce08 (webtiles) character file.

83 Jynx the Firebug (level 4, 0/24 HPs)
             Began as a Tengu Fire Elementalist on Jan 20, 2017.
             Slain by a gnoll
             ... wielding a +0 whip
              (10 damage)
             ... on level 3 of the Dungeon.
             The game lasted 00:04:44 (2383 turns).

Jynx the Firebug (Tengu Fire Elementalist)          Turns: 2383, Time: 00:04:44

Health: 0/24       AC:  2    Str:  8    XL:     4   Next: 44%
Magic:  0/8        EV:  7    Int: 16    God:
Gold:   81         SH:  0    Dex: 15    Spells: 1 memorised, 7 levels left

rFire  . . .     SeeInvis .     p - +0 rapier
rCold  . . .     Gourm    .     a - +0 robe
rNeg   . . .     Faith    .     (no shield)
rPois  .         Spirit   .     (helmet restricted)
rElec  .         Reflect  .     (no cloak)
rCorr  .         Harm     .     (no gloves)
MR     .....                    (boots unavailable)
Stlth  ++........               (no amulet)
                                (no ring)
                                (no ring)

@: very slightly contaminated, held
A: beak, talons 3
a: no special abilities


You were on level 3 of the Dungeon.
You were not hungry.

You visited 1 branch of the dungeon, and saw 3 of its levels.

You collected 81 gold pieces.

Inventory:

Hand Weapons
 p - a +0 rapier (weapon)
Armour
 a - a +0 robe (worn)
Scrolls
 m - 3 scrolls of remove curse
Potions
 f - a potion of berserk rage {unknown}
 j - 2 potions of heal wounds {unknown}
 k - a potion of might {unknown}
 l - a potion of flight {unknown}
 n - 2 potions of ambrosia {unknown}
Books
 b - a book of Flames

   Spells                             Type                      Level
   a - Flame Tongue                   Conjuration/Fire             1
   b - Throw Flame                    Conjuration/Fire             2
   c - Conjure Flame                  Conjuration/Fire             3
   d - Inner Flame                    Hexes/Fire                   3
   e - Sticky Flame                   Conjuration/Fire             4
   f - Fireball                       Conjuration/Fire             5
Comestibles
 c - 2 bread rations
 d - a meat ration
 g - a chunk of flesh
 i - a royal jelly
 o - a slice of pizza


   Skills:
 + Level 3.1 Dodging
 - Level 2.0 Stealth
 + Level 2.5 Spellcasting
 + Level 2.8 Conjurations
 * Level 4.1 Fire Magic


You had 7 spell levels left.
You knew the following spells:

 Your Spells              Type           Power        Failure   Level  Hunger
a - Flame Tongue          Conj/Fire      ##...        6%          1    #......


Dungeon Overview and Level Annotations

Branches:
Dungeon (3/15)

Altars:


Innate Abilities, Weirdness & Mutations

You have a beak for a mouth.
You have claws for feet.


Message History

Aim: a gnoll, wielding a halberd (severely wounded)
The flame tongue hits the gnoll.
You kill the gnoll!
Casting: Flame Tongue
Confirm with . or Enter, or press ? or * to list all spells.
Aiming: Flame Tongue
Press: ? - help, Shift-Dir - straight line, f - gnoll
Aim: a gnoll, wielding a whip The flame tongue hits the gnoll.
The gnoll is lightly wounded.
Casting: Flame Tongue
Confirm with . or Enter, or press ? or * to list all spells.
Aiming: Flame Tongue
Press: ? - help, Shift-Dir - straight line, f/p - gnoll
Aim: a gnoll, wielding a whip (lightly wounded)
The flame tongue hits the gnoll.
The gnoll is severely wounded.
The gnoll hits you with a whip.
You struggle against the net.
The gnoll hits you with a whip!
You die...

###### .....# #.....#
......# .#.########.....#
...KSgg@.[......#
.#.#######......#
#######......# #
#............#
#.#.######.....##
#.................
#.......#.........
#############.##..(......
#.....................###


You could see 2 gnolls, an adder and a kobold.

Vanquished Creatures
  A gnoll (D:3)
  An adder (D:2)
  An ooze (D:2)
  A worm (D:2)
  A dart slug (D:2)
  5 leopard geckos
  2 ball pythons
  3 bats
  3 giant cockroaches
  3 goblins
  2 hobgoblins (D:2)
  12 jackals
  2 kobolds
  A quokka (D:2)
  A frilled lizard (D:1)
  7 rats
46 creatures vanquished.

Notes
Turn   | Place    | Note
-------+----------+-------------------------------------------
     0 | D:1      | Jynx the Tengu Fire Elementalist began the quest for the Orb.
     0 | D:1      | Reached XP level 1. HP: 10/10 MP: 4/4
   335 | D:1      | Reached XP level 2. HP: 13/15 MP: 3/6
  1334 | D:2      | Reached XP level 3. HP: 19/19 MP: 5/7
  1892 | D:2      | Reached XP level 4. HP: 19/24 MP: 6/8
  2035 | D:2      | Reached skill level 4 in Fire Magic
  2383 | D:3      | Slain by a gnoll

Skill      XL: |  1  2  3  4 |
---------------+-------------+-----
Conjurations   | 2 |  2.8
Fire Magic     | 4 |  4.1
Dodging        | 3 |  3.1
Stealth        | |  2.0
Spellcasting   | |  2.5

Action                   |  1- 3 |  4- 6 || total
-------------------------+-------+-------++-------
Melee: Unarmed           |     8 |       ||     8
       Short sword       |    21 |       ||    21
       Dagger            |     1 |       ||     1
       Peck              |     4 |     1 ||     5
       Kick              |     4 |       ||     4
       Rapier            |       |     6 ||     6
 Cast: Flame Tongue      |    51 |    19 ||    70
  Use: Scroll            |       |     2 ||     2
 Stab: Sleeping          |       |     1 ||     1
  Eat: Chunk             |     4 |     1 ||     5
Armor: Robe              |     9 |     2 ||    11
Dodge: Dodged            |    46 |     9 ||    55
